General information
- name: BNet
- type: Ladder team game (AT/RT)
- host: Battle.net
- saver: 4V4MASTERMASSER
map: MarketSquare
- players: 8
- length: 28:46
- speed: Fast
- version: 1.24 W3XP
- replay type: Public
» download(94 KB)
Players
team 1 (winner)

»
uM.Raven (
yellow | 54 APM | 275 actions | 05:04)
1 Archmage
1 Summon Water Elemental
1 Mountain King
1 Storm Bolt
» actions
| Assign group hotkey | 18 | |
| Basic commands | 18 | |
| Build / train | 38 | |
| Enter build submenu | 17 | |
| Enter hero's abilities submenu | 2 | |
| Remove unit from queue | 1 | |
| Right click | 42 | |
| Select / deselect | 75 | |
| Select group hotkey | 40 | |
| Use ability | 24 | |
275 total
» units
| Peasant | 15 | |
| Rifleman | 8 | |
| Footman | 8 | |
31 total
» upgrades
» buildings
| Altar of Kings | 2 | |
| Farm | 7 | |
| Barracks | 2 | |
| Arcane Vault | 1 | |
| Blacksmith | 1 | |
| Keep | 1 | |
| Lumber Mill | 3 | |
17 total
» build order
00:05 Altar of Kings
00:26 Farm
00:38 Altar of Kings
00:40 Farm
01:21 Barracks
01:41 Arcane Vault
01:56 Blacksmith
02:08 Barracks
02:17 Farm
02:29 Farm
02:33 Farm
03:25 Keep
04:13 Farm
04:16 Farm
04:21 Lumber Mill
04:25 Lumber Mill
04:38 Lumber Mill
Kirby. (
red | 31 APM | 226 actions | 07:16)
2 Death Knight
1 Death Coil
1 Unholy Aura
» actions
| Build / train | 18 | |
| Enter build submenu | 9 | |
| Enter hero's abilities submenu | 2 | |
| Right click | 82 | |
| Select / deselect | 103 | |
| Use ability | 12 | |
226 total
» units
| Acolyte | 2 | |
| Ghoul | 3 | |
| Crypt Fiend | 7 | |
12 total
» buildings
| Graveyard | 1 | |
| Crypt | 1 | |
| Ziggurat | 8 | |
| Altar of Darkness | 1 | |
| Nerubian Tower | 1 | |
| Halls of the Dead | 1 | |
| Black Citadel | 1 | |
14 total
» build order
00:14 Graveyard
00:17 Crypt
00:46 Ziggurat
00:56 Ziggurat
01:19 Altar of Darkness
02:03 Ziggurat
02:10 Nerubian Tower
04:15 Ziggurat
04:17 Ziggurat
04:41 Halls of the Dead
06:46 Ziggurat
06:47 Ziggurat
06:49 Ziggurat
07:07 Black Citadel
raybang (
orange | 0 APM | 0 actions | 00:21)
WCFT_Fr3ak (
blue | 14 APM | 402 actions | 28:46)
1 Death Knight
1 Death Pact
2 Mountain King
2 Thunder Clap
2 Archmage
1 Summon Water Elemental
1 Blizzard
» actions
| Assign group hotkey | 15 | |
| Basic commands | 33 | |
| Build / train | 90 | |
| Enter build submenu | 16 | |
| Enter hero's abilities submenu | 4 | |
| Right click | 38 | |
| Select / deselect | 141 | |
| Select group hotkey | 26 | |
| Use ability | 39 | |
402 total
» units
| Acolyte | 5 | |
| Ghoul | 28 | |
| Crypt Fiend | 8 | |
41 total
» upgrades
» buildings
| Crypt | 1 | |
| Altar of Darkness | 1 | |
| Graveyard | 1 | |
| Ziggurat | 35 | |
| Halls of the Dead | 1 | |
| Black Citadel | 1 | |
| Sacrificial Pit | 1 | |
| Spirit Tower | 39 | |
80 total
» build order
00:12 Crypt
00:39 Altar of Darkness
01:03 Graveyard
01:46 Ziggurat
02:09 Ziggurat
03:51 Ziggurat
04:42 Halls of the Dead
08:06 Black Citadel
08:11 Ziggurat
08:17 Sacrificial Pit
10:07 Spirit Tower
10:09 Spirit Tower
10:11 Spirit Tower
10:14 Spirit Tower
10:17 Spirit Tower
10:19 Spirit Tower
10:22 Spirit Tower
13:57 Ziggurat
13:59 Ziggurat
14:00 Ziggurat
14:02 Ziggurat
14:04 Ziggurat
14:07 Ziggurat
14:09 Ziggurat
14:13 Ziggurat
14:57 Spirit Tower
15:06 Spirit Tower
15:20 Spirit Tower
15:21 Spirit Tower
15:24 Spirit Tower
15:26 Spirit Tower
15:28 Spirit Tower
15:31 Spirit Tower
15:34 Spirit Tower
15:43 Ziggurat
15:45 Ziggurat
15:47 Ziggurat
15:50 Ziggurat
15:54 Ziggurat
15:55 Ziggurat
15:57 Ziggurat
16:46 Spirit Tower
17:04 Spirit Tower
17:07 Spirit Tower
17:12 Spirit Tower
17:16 Spirit Tower
17:19 Spirit Tower
17:36 Ziggurat
17:37 Ziggurat
17:40 Ziggurat
17:41 Ziggurat
17:42 Ziggurat
17:52 Spirit Tower
18:36 Spirit Tower
18:38 Spirit Tower
19:00 Ziggurat
19:03 Ziggurat
19:07 Ziggurat
19:09 Ziggurat
19:12 Ziggurat
19:14 Ziggurat
19:49 Spirit Tower
20:26 Spirit Tower
20:30 Spirit Tower
21:17 Spirit Tower
21:20 Spirit Tower
21:23 Spirit Tower
21:27 Spirit Tower
21:31 Spirit Tower
21:34 Spirit Tower
25:16 Ziggurat
25:17 Ziggurat
25:19 Ziggurat
25:21 Ziggurat
25:22 Ziggurat
27:28 Spirit Tower
27:30 Spirit Tower
27:32 Spirit Tower
27:34 Spirit Tower
27:37 Spirit Tower
team 2 (loser)
Rav3n (
teal | 29 APM | 696 actions | 24:08)
3 Demon Hunter
2 Immolation
1 Evasion
» actions
| Assign group hotkey | 11 | |
| Basic commands | 1 | |
| Build / train | 46 | |
| Enter build submenu | 26 | |
| Enter hero's abilities submenu | 3 | |
| Right click | 215 | |
| Select / deselect | 125 | |
| Select group hotkey | 221 | |
| Use ability | 48 | |
696 total
» units
| Wisp | 13 | |
| Archer | 14 | |
| Chimaera | 2 | |
| Hippogryph | 9 | |
38 total
» upgrades
| Strength of the Moon | 1 | |
| Moon Armor | 1 | |
2 total
» buildings
| Moon Well | 7 | |
| Altar of Elders | 1 | |
| Ancient of War | 2 | |
| Hunter's Hall | 1 | |
| Ancient Protector | 4 | |
| Tree of Ages | 1 | |
| Ancient of Wind | 1 | |
| Tree of Eternity | 1 | |
| Chimaera Roost | 2 | |
| Tree of Life | 2 | |
22 total
» build order
00:10 Moon Well
00:17 Altar of Elders
00:24 Ancient of War
02:26 Moon Well
02:39 Hunter's Hall
03:49 Moon Well
04:12 Ancient Protector
05:39 Tree of Ages
08:29 Ancient of Wind
08:30 Tree of Eternity
09:41 Moon Well
09:45 Moon Well
10:53 Chimaera Roost
11:11 Chimaera Roost
13:06 Moon Well
13:10 Moon Well
15:39 Tree of Life
15:45 Ancient of War
18:31 Tree of Life
19:19 Ancient Protector
19:24 Ancient Protector
19:28 Ancient Protector
4V4MASTERMASSER (
purple | 46 APM | 1334 actions | 28:46)
5 Mountain King
3 Storm Bolt
2 Bash
» actions
| Assign group hotkey | 18 | |
| Basic commands | 170 | |
| Build / train | 66 | |
| Enter build submenu | 16 | |
| Enter hero's abilities submenu | 5 | |
| Remove unit from queue | 2 | |
| Right click | 352 | |
| Select / deselect | 172 | |
| Select group hotkey | 482 | |
| Use ability | 51 | |
1334 total
» units
» upgrades
| Masonry | 2 | |
| Lumber Harvesting | 1 | |
3 total
» buildings
| Altar of Kings | 1 | |
| Farm | 12 | |
| Scout Tower | 18 | |
| Arcane Tower | 4 | |
| Lumber Mill | 1 | |
| Guard Tower | 20 | |
| Keep | 3 | |
| Castle | 3 | |
| Gryphon Aviary | 2 | |
| Town Hall | 1 | |
65 total
» build order
00:14 Altar of Kings
00:21 Farm
00:45 Scout Tower
01:12 Arcane Tower
01:37 Lumber Mill
01:50 Scout Tower
01:52 Scout Tower
01:55 Farm
01:56 Farm
02:30 Arcane Tower
02:41 Guard Tower
02:42 Guard Tower
02:51 Scout Tower
02:52 Scout Tower
02:54 Scout Tower
02:56 Scout Tower
03:46 Scout Tower
03:54 Keep
03:54 Keep
03:54 Keep
04:08 Guard Tower
04:08 Guard Tower
04:08 Guard Tower
04:16 Guard Tower
04:16 Guard Tower
04:17 Guard Tower
04:17 Guard Tower
04:27 Guard Tower
04:30 Scout Tower
04:31 Scout Tower
04:33 Scout Tower
04:35 Scout Tower
04:36 Scout Tower
04:38 Scout Tower
05:06 Guard Tower
05:06 Guard Tower
05:06 Guard Tower
05:36 Guard Tower
05:37 Guard Tower
06:03 Guard Tower
06:03 Guard Tower
06:05 Guard Tower
06:10 Farm
06:11 Farm
06:11 Farm
06:12 Farm
06:13 Farm
06:15 Farm
06:36 Castle
06:36 Castle
06:36 Castle
07:13 Gryphon Aviary
07:42 Gryphon Aviary
15:03 Farm
15:03 Farm
15:03 Farm
26:22 Town Hall
26:23 Scout Tower
26:24 Scout Tower
26:24 Scout Tower
26:24 Scout Tower
27:16 Arcane Tower
» items
| Staff of Teleportation | 1 | |
| Scroll of Town Portal | 1 | |
| Potion of Lesser Invulnerability | 1 | |
3 total

»
IGotGoodKarma (
green | 28 APM | 558 actions | 20:10)
4 Shadow Hunter
2 Healing Wave
2 Serpent Ward
» actions
| Basic commands | 9 | |
| Build / train | 44 | |
| Enter build submenu | 23 | |
| Enter hero's abilities submenu | 4 | |
| Remove unit from queue | 1 | |
| Right click | 251 | |
| Select / deselect | 183 | |
| Use ability | 43 | |
558 total
» units
| Peon | 7 | |
| Grunt | 8 | |
| Shaman | 6 | |
| Tauren | 4 | |
| Demolisher | 2 | |
| Wind Rider | 2 | |
29 total
» upgrades
| Armor | 2 | |
| Melee Weapons | 2 | |
| Pillage | 1 | |
| Shaman Training | 2 | |
7 total
» buildings
| Orc Burrow | 9 | |
| Altar of Storms | 1 | |
| Barracks | 1 | |
| War Mill | 1 | |
| Watch Tower | 5 | |
| Stronghold | 1 | |
| Spirit Lodge | 1 | |
| Fortress | 1 | |
| Tauren Totem | 1 | |
| Beastiary | 1 | |
22 total
» build order
00:10 Orc Burrow
00:12 Altar of Storms
01:05 Barracks
01:39 Orc Burrow
01:55 War Mill
03:54 Orc Burrow
05:08 Watch Tower
05:53 Stronghold
05:57 Orc Burrow
07:03 Watch Tower
08:16 Spirit Lodge
09:13 Fortress
10:08 Orc Burrow
11:43 Tauren Totem
14:00 Orc Burrow
15:14 Orc Burrow
16:09 Orc Burrow
17:06 Orc Burrow
18:07 Watch Tower
18:48 Beastiary
18:59 Watch Tower
19:02 Watch Tower
die(k)thx (
pink | 25 APM | 456 actions | 18:05)
5 Archmage
2 Summon Water Elemental
3 Brilliance Aura
» actions
| Assign group hotkey | 10 | |
| Basic commands | 16 | |
| Build / train | 55 | |
| Enter build submenu | 13 | |
| Enter hero's abilities submenu | 5 | |
| Remove unit from queue | 2 | |
| Right click | 127 | |
| Select / deselect | 173 | |
| Select group hotkey | 30 | |
| Use ability | 25 | |
456 total
» units
| Peasant | 11 | |
| Rifleman | 19 | |
| Mortar Team | 6 | |
36 total
» upgrades
| Gunpowder | 3 | |
| Armor | 3 | |
| Long Rifles | 1 | |
| Lumber Harvesting | 1 | |
| Fragmentation Shards | 1 | |
9 total
» buildings
| Altar of Kings | 1 | |
| Farm | 8 | |
| Barracks | 1 | |
| Blacksmith | 1 | |
| Lumber Mill | 1 | |
| Keep | 1 | |
| Castle | 1 | |
| Workshop | 2 | |
16 total
» build order
02:20 Altar of Kings
02:24 Farm
02:27 Barracks
02:31 Blacksmith
03:08 Farm
03:38 Farm
03:39 Farm
04:14 Lumber Mill
04:47 Farm
04:48 Farm
08:12 Keep
10:35 Castle
13:04 Workshop
13:10 Workshop
14:56 Farm
15:28 Farm
Chat log
(01:16 / Allies) IGotGoodKarma: ugh
(01:22 / Allies) IGotGoodKarma: what ya'll gettin?
(01:29 / Allies) Rav3n: archers huntress
(02:10 / Allies) IGotGoodKarma: we gonna rush or cc?
(02:18 / Allies) Rav3n: rush
(02:20 / Allies) IGotGoodKarma: kk
(02:28 / Allies) IGotGoodKarma: then il go grunts to shm and tauren
(05:00 / Allies) die(k)thx: u guys rdy
(05:03 / Allies) IGotGoodKarma: i am
(05:04 / Allies) Rav3n: lets go
(05:11 / All) Kirby.: gg
(05:15 / All) 4V4MASTERMASSER: wait red'
(05:22 / All) Kirby.: why?
(05:23 / All) 4V4MASTERMASSER: im messing around i wont help my team win
(05:25 / All) 4V4MASTERMASSER: pink was afk
(05:27 / All) 4V4MASTERMASSER: u can win this
(05:34 / All) Kirby.: blue sucks?
(05:35 / Allies) IGotGoodKarma: when we gonna go?
(05:47 / All) 4V4MASTERMASSER: this is 4v4rt, everybody sucks
(06:24 / Allies) 4V4MASTERMASSER: wood plz
(06:29 / All) Kirby.: i gtg :/
(06:40 / Allies) die(k)thx: lets hit guys
(06:40 / All) 4V4MASTERMASSER: go afk
(06:55 / All) Kirby.: nah
(06:58 / All) Kirby.: going to see habs
(07:01 / All) Kirby.: habs vs devils :)
(07:06 / All) 4V4MASTERMASSER: wtf is that
(07:08 / All) 4V4MASTERMASSER: a movie?
(07:12 / All) Kirby.: hockey?
(07:15 / All) die(k)thx: sucks
(08:55 / All) die(k)thx: sooo
(09:08 / Allies) die(k)thx: hit blue make him quit
(09:18 / Allies) 4V4MASTERMASSER: he probably doesn't know how to leave
(09:24 / Allies) die(k)thx: lol
(12:22 / All) die(k)thx: gg
(16:46 / All) 4V4MASTERMASSER: coming blue lalw
(17:10 / All) 4V4MASTERMASSER: blue im killing my team
(17:12 / All) 4V4MASTERMASSER: they will die
(17:14 / All) 4V4MASTERMASSER: im on ur side
(17:35 / Allies) Rav3n: kill puple he is a noob
(18:09 / All) 4V4MASTERMASSER: u win blue
(18:31 / Allies) IGotGoodKarma: real cool
(19:14 / Allies) IGotGoodKarma: enjoy ur self
(19:23 / Allies) IGotGoodKarma: cuz ur not gonna be playing this for that much lnger
(20:06 / Allies) IGotGoodKarma: fagget
(20:10 / Allies) 4V4MASTERMASSER: lalw
(21:16 / All) 4V4MASTERMASSER: blue u here?
(21:33 / All) 4V4MASTERMASSER: blue if ur here, kill my base, bottom left
(21:37 / All) 4V4MASTERMASSER: i wont impede u
(21:59 / All) WCFT_Fr3ak: well leave
(22:05 / All) 4V4MASTERMASSER: teal is still here
(22:10 / All) 4V4MASTERMASSER: he will control my units if i leave
(22:12 / Allies) Rav3n: i not leaving
(22:13 / All) 4V4MASTERMASSER: im killing all their bases and mine
(22:22 / All) 4V4MASTERMASSER: attack my base bot left and help me make it quicker
(22:25 / All) WCFT_Fr3ak: ya okay
(22:27 / Allies) Rav3n: i just going to leave my computer running all day
(22:41 / Allies) Rav3n: I have all day to wait
(23:52 / All) 4V4MASTERMASSER: just killed off green's base, just min pinks and teals left
(24:20 / All) 4V4MASTERMASSER: good job lawl
(24:33 / All) WCFT_Fr3ak: leave
(25:05 / All) 4V4MASTERMASSER: i will im just leveling up
(25:49 / All) WCFT_Fr3ak: dude comme help me destroy
(25:59 / All) 4V4MASTERMASSER: you can say thank you for what I did you know
(28:27 / All) WCFT_Fr3ak: r u leaving
(28:30 / All) 4V4MASTERMASSER: yes